Map: King Sejong Station LE

Players

Zwiebel

  • Race: Protoss Protoss
  • League: Bronze

Gracz - Winner!

  • Race: Protoss Protoss
  • League: Bronze

VOD

Have the link to the VOD?

Description

Time

  • Played on: Sept. 17, 2016, 7:18 a.m.
  • Length: 13:23
Show
View Real Time Build Order
Export as new Build Order

Zwiebel Protoss 

Build Orders:  

Get SALT Encoding   

  12  0:07  Probe (Chrono Boost)  
  13  0:17  Pylon  
  13  0:19  Probe (Chrono Boost)  
  14  0:32  Probe (Chrono Boost)  
  15  0:48  Forge  
  15  1:04  Pylon  
  15  1:09  Assimilator  
  16  1:11  Probe (Chrono Boost)  
  16  1:19  Assimilator  
  16  1:25  Pylon  
  16  1:30  Probe (Chrono Boost)  
  17  1:41  Probe (Chrono Boost)  
  18  1:52  Pylon  
  18  1:56  Pylon, Probe (Chrono Boost)  
  19  2:06  Probe (Chrono Boost)  
  20  2:09  Gateway  
  20  2:16  Photon Cannon  
  20  2:17  Probe (Chrono Boost)  
  21  2:28  Probe (Chrono Boost)  
  22  2:34  Photon Cannon  
  22  2:39  Probe (Chrono Boost)  
  23  2:59  Cybernetics Core  
  23  3:00  Protoss Shields Level 1  
  23  3:26  Nexus  
  23  3:33  Assimilator  
  23  3:40  Assimilator, Warp Gate  
  23  3:47  Pylon  
  23  3:54  Pylon, Zealot  
  25  4:13  Photon Cannon  
  25  4:21  Photon Cannon  
  25  4:24  Zealot  
  27  4:43  Probe (Chrono Boost)  
  28  4:46  Twilight Council  
  28  4:54  Probe (Chrono Boost)  
  29  5:01  Protoss Ground Weapons Level 1, Photon Cannon  
  29  5:04  Probe (Chrono Boost)  
  30  5:15  Probe (Chrono Boost)  
  31  5:25  Probe (Chrono Boost)  
  32  5:29  Zealot  
  32  5:32  Stargate  
  34  5:36  Probe (Chrono Boost)  
  35  5:42  Stargate  
  35  5:47  Probe (Chrono Boost)  
  35  5:48  Stargate  
  36  5:50  Protoss Air Weapons Level 1  
  36  6:11  Zealot  
  36  6:13  Photon Cannon  
  36  6:16  Void Ray  
  42  6:23  Probe (Chrono Boost)  
  43  6:33  Probe (Chrono Boost), Void Ray  
  48  6:44  Probe (Chrono Boost)  
  49  6:55  Probe (Chrono Boost)  
  49  6:58  Photon Cannon  
  50  7:03  Photon Cannon  
  50  7:05  Probe (Chrono Boost)  
  50  7:08  Photon Cannon  
  55  7:35  Nexus  
  55  7:40  Assimilator  
  55  7:46  Assimilator  
  42  8:08  Probe (Chrono Boost)  
  43  8:18  Probe (Chrono Boost)  
  44  8:20  Photon Cannon  
  44  8:24  Photon Cannon  
  44  8:27  Photon Cannon  
  44  8:29  Probe (Chrono Boost)  
  45  8:39  Probe (Chrono Boost)  
  46  8:42  Void Ray  
  46  8:50  Probe (Chrono Boost)  
  46  8:55  Pylon  
  47  9:01  Probe (Chrono Boost)  
  48  9:06  Probe (Chrono Boost)  
  49  9:10  Void Ray  
  49  9:12  Probe (Chrono Boost)  
  49  9:16  Probe (Chrono Boost)  
  55  9:22  Probe (Chrono Boost)  
  56  9:27  Probe (Chrono Boost)  
  56  9:28  Photon Cannon  
  57  9:32  Photon Cannon  
  57  9:33  Probe (Chrono Boost)  
  57  9:36  Photon Cannon  
  57  9:37  Probe (Chrono Boost)  
  59  9:40  Pylon  
  59  9:47  Protoss Air Armor Level 1  
  59  9:48  Probe (Chrono Boost)  
  59  9:51  Void Ray  
  64  10:00  Protoss Shields Level 2  
  64  10:17  Probe (Chrono Boost)  
  65  10:27  Pylon  
  65  10:28  Probe (Chrono Boost)  
  66  10:34  Pylon  
  66  10:37  Void Ray  
  66  10:38  Probe (Chrono Boost)  
  66  10:39  Void Ray  
  75  10:49  Probe (Chrono Boost)  
  76  10:53  Photon Cannon  
  76  10:56  Photon Cannon  
  76  10:58  Photon Cannon  
  76  10:59  Probe (Chrono Boost)  
  77  11:05  Photon Cannon  
  77  11:08  Photon Cannon  
  77  11:12  Photon Cannon  
  77  11:15  Probe (Chrono Boost)  
  78  11:22  Void Ray  
  82  11:26  Probe (Chrono Boost)  
  83  11:36  Probe (Chrono Boost)  
  85  11:47  Probe (Chrono Boost)  
  85  11:49  Nexus  
  85  11:54  Pylon  
  85  11:57  Pylon, Probe (Chrono Boost)  
  86  12:02  Pylon  
  86  12:05  Void Ray  
  86  12:07  Void Ray  
  94  12:15  Assimilator  
  94  12:18  Photon Cannon  
  94  12:22  Photon Cannon  
  94  12:24  Photon Cannon  
  94  12:30  Photon Cannon  
Show
View Real Time Build Order
Export as new Build Order

Gracz Protoss - Winner!

Build Orders:  

Get SALT Encoding   

  12  0:02  Probe (Chrono Boost)  
  13  0:16  Pylon  
  13  0:18  Probe (Chrono Boost)  
  14  0:54  Gateway  
  14  1:03  Probe (Chrono Boost)  
  15  1:06  Pylon  
  15  1:13  Gateway  
  15  1:14  Probe (Chrono Boost)  
  16  1:24  Probe (Chrono Boost)  
  17  1:30  Gateway  
  17  1:35  Probe (Chrono Boost)  
  18  1:47  Cybernetics Core  
  18  1:49  Assimilator, Probe (Chrono Boost)  
  19  1:56  Zealot  
  19  2:00  Probe (Chrono Boost)  
  22  2:10  Probe (Chrono Boost)  
  23  2:32  Nexus  
  23  2:43  Gateway  
  23  2:45  Assimilator, Probe (Chrono Boost)  
  24  2:55  Probe (Chrono Boost)  
  25  3:09  Robotics Facility  
  26  3:12  Probe (Chrono Boost)  
  26  3:13  Warp Gate  
  26  3:24  Probe (Chrono Boost)  
  27  3:31  Stalker  
  29  3:36  Probe (Chrono Boost)  
  30  3:48  Probe (Chrono Boost)  
  31  3:58  Stargate  
  31  4:00  Probe (Chrono Boost)  
  32  4:12  Probe (Chrono Boost)  
  32  4:14  Assimilator  
  33  4:17  Pylon  
  33  4:22  Assimilator  
  34  4:24  Probe (Chrono Boost)  
  34  4:25  Stargate  
  34  4:47  Probe (Chrono Boost)  
  34  4:48  Probe (Chrono Boost)  
  34  4:51  Stalker  
  40  4:52  Sentry  
  41  5:01  Probe (Chrono Boost)  
  41  5:11  Stargate  
  41  5:33  Pylon  
  39  5:37  Pylon  
  39  5:44  Stalker x2  
  39  5:45  Stalker x2  
  39  5:47  Oracle x2  
  53  6:02  Probe (Chrono Boost)  
  53  6:03  Probe (Chrono Boost)  
  55  6:12  Probe (Chrono Boost)  
  55  6:15  Probe (Chrono Boost)  
  57  6:22  Nexus  
  57  6:24  Pylon  
  57  6:27  Pylon  
  57  6:34  Gateway  
  57  6:35  Gateway  
  57  6:39  Probe (Chrono Boost)  
  58  6:41  Probe (Chrono Boost)  
  58  6:46  Assimilator  
  59  6:51  Assimilator, Probe (Chrono Boost)  
  60  6:57  Pylon  
  60  7:00  Pylon  
  60  7:01  Probe (Chrono Boost)  
  61  7:03  Probe (Chrono Boost)  
  62  8:15  Void Ray  
  62  8:16  Void Ray x2  
  62  8:17  Stalker  
  62  8:18  Stalker x3  
  82  8:20  Probe x2 (Chrono Boost)  
  82  8:22  Probe (Chrono Boost)  
  85  8:31  Probe x2 (Chrono Boost)  
  85  8:34  Pylon, Probe (Chrono Boost)  
  88  8:38  Pylon  
  89  8:41  Probe (Chrono Boost)  
  89  8:43  Probe (Chrono Boost)  
  89  8:46  Probe (Chrono Boost)  
  91  8:52  Probe (Chrono Boost)  
  91  8:54  Probe (Chrono Boost)  
  93  8:58  Void Ray x2  
  93  9:00  Forge  
  93  9:01  Forge  
  101  9:10  Cybernetics Core  
  101  9:17  Fleet Beacon  
  101  9:18  Twilight Council  
  101  9:22  Stargate, Probe (Chrono Boost)  
  101  9:23  Stargate  
  102  9:31  Probe (Chrono Boost)  
  102  9:35  Stalker x3, Probe (Chrono Boost)  
  110  9:39  Zealot  
  110  9:42  Probe (Chrono Boost)  
  108  9:47  Probe (Chrono Boost)  
  108  9:51  Zealot x2  
  113  9:52  Probe (Chrono Boost)  
  113  10:04  Mothership Core (Chrono Boost)  
  115  10:08  Gateway  
  115  10:09  Gateway  
  115  10:12  Gateway  
  115  10:28  Protoss Ground Weapons Level 1, Protoss Ground Armor Level 1  
  115  10:35  Robotics Facility  
  115  10:37  Robotics Facility  
  115  10:46  Protoss Air Weapons Level 1, Protoss Air Armor Level 1  
  115  10:56  Carrier x3  
  133  11:16  Pylon  
  133  11:20  Pylon  
  133  11:34  Immortal  
  133  11:37  Pylon  
  137  11:40  Carrier x2  
  137  11:41  Pylon  
  137  11:46  Pylon  
  149  11:50  Pylon  
  149  11:52  Pylon  
  149  11:55  Pylon  
  149  12:00  Pylon  
  157  12:01  Immortal x2  
  157  12:04  Probe (Chrono Boost)  
  157  12:05  Probe (Chrono Boost)  
  159  12:13  Immortal  
  169  12:29  Nexus  
  145  13:04  Stalker  
  145  13:05  Stalker x5  
  133  13:06  Stalker  
  135  13:16  Stalker x2  
Tags
 
Add a new tag
Caveats
  • Supply blocks, unpowered buildings, or Contaminate may cause inaccurate times.
  • Supply counts are checked every 10 seconds.